 Dungeon Crawl Stone Soup version 0.29.1-12-g30fa7ad0bf (webtiles) character file.

Game seed: 2945026350141910286

63 FexLirch the Stinger (level 3, -2/14 HPs)
             Began as a Felid Venom Mage on Dec 16, 2022.
             Slain by a worm (12 damage)
             ... on level 2 of the Dungeon.
             The game lasted 00:07:35 (1905 turns).

FexLirch the Stinger (Felid Venom Mage)             Turns: 1905, Time: 00:07:36

Health: -2/14      AC:  1    Str:  4    XL:     3   Next: 89%
Magic:  0/7        EV: 17    Int: 18    God:
Gold:   126        SH:  0    Dex: 16    Spells: 0/6 levels left
                                        Lives:  0   Deaths: 0

rFire   . . .      SeeInvis +   (weapon unavailable)
rCold   . . .      Faith    .   (shield unavailable)
rNeg    . . .      Spirit   .   (body armour unavailable)
rPois   .          Reflect  .   (helmet unavailable)
rElec   .          Harm     .   (cloak unavailable)
rCorr   .          Rampage  .   (gloves unavailable)
Will    .....                   (boots unavailable)
Stlth   ++........              (no amulet)
HPRegen 0.04/turn               (no ring)
MPRegen 0.10/turn               (no ring)

@: quick
A: very small, claws 1, fangs 3, see invisible, speed 1, shaggy fur 1, stealthy
paws, no weapons or thrown items, no armour, multi-lived
a: no special abilities


You were on level 2 of the Dungeon.
You visited 1 branch of the dungeon, and saw 3 of its levels.

You collected 126 gold pieces.

Inventory:

Scrolls
 c - a scroll of blinking {unknown}
 d - a scroll of brand weapon {unknown}
 e - a scroll of silence {unknown}
 g - a scroll of fear {unknown}
 i - a scroll of amnesia {unknown}
 k - a scroll of enchant armour {unknown}
Potions
 a - a potion of magic
 b - a potion of resistance {unknown}
 f - 4 potions of curing {unknown}
 h - a potion of invisibility {unknown}
 j - 2 potions of brilliance {unknown}


   Skills:
 - Level 2.6 Dodging
 - Level 2.6 Stealth
 - Level 2.0 Spellcasting
 + Level 2.4 Transmutations
 * Level 3.9 Poison Magic


You couldn't memorise any spells.
You knew the following spells:

 Your Spells              Type           Power      Damage    Failure   Level
a - Sting                 Tmut/Pois      52%        1d5       4%          1
b - Poisonous Vapours     Pois/Air       16%        N/A       12%         2
c - Mephitic Cloud        Conj/Pois/Air  6%         N/A       32%         3

Your spell library contained the following spells:

 Spells                   Type           Power      Damage    Failure   Level
 Olgreb's Toxic Radiance  Pois           16%        N/A       34%         4


Dungeon Overview and Level Annotations

Branches:
Dungeon (3/15)

Altars:


Innate Abilities, Weirdness & Mutations

You have sharp claws.
You have razor-sharp teeth.
You have supernaturally acute eyesight. (SInv)
You cover ground quickly. (Speed+)
You are covered in fur. (AC +1)
Your paws help you pounce on unaware monsters.
You are incapable of wielding weapons or throwing items.
You cannot wear armour.
You gain extra lives every three experience levels.


Message History

A worm comes into view.
You scratch the hobgoblin.
The hobgoblin is almost dead.
The hobgoblin hits you.
You scratch the hobgoblin.
You kill the hobgoblin!
Casting: Poisonous Vapours (safe; 12% risk of failure)
Confirm with . or Enter, or press ? or * to list all spells.
Aiming: Poisonous Vapours (safe; 12% risk of failure)
Press: ? - help, Dir - move target, f - worm
Aim: a worm Poisonous vapours surround the worm!
The worm is poisoned.
Casting: Poisonous Vapours (safe; 12% risk of failure)
Confirm with . or Enter, or press ? or * to list all spells.
You can't see any susceptible monsters within range! (Use Z to cast anyway.)
Your magical contamination has completely faded away.
Casting: Poisonous Vapours (safe; 12% risk of failure)
Confirm with . or Enter, or press ? or * to list all spells.
Aiming: Sting (safe; 4% risk of failure)
Press: ? - help, Shift-Dir - straight line, f/p - worm
Aim: a worm (poisoned, 90% to hit)
The sting hits the worm.
The worm looks even sicker.
The worm is lightly wounded.
Casting: Sting (safe; 4% risk of failure)
Confirm with . or Enter, or press ? or * to list all spells.
Aiming: Sting (safe; 4% risk of failure)
Press: ? - help, Shift-Dir - straight line, f/p - worm
Aim: a worm (lightly wounded, very poisoned, 90% to hit)
The sting hits the worm.
The worm looks even sicker.
The worm is moderately wounded.
You barely miss the worm.
The worm is lightly wounded.
The worm bites you.
You scratch the worm.
The worm is moderately wounded.
You scratch the worm.
The worm is heavily wounded.
The worm bites you!
Ouch! That really hurt!
You die...

..........# ..........#
.....[....#####
...............
...........########## ##
....................#...
.)).......##..........#
..†.......##...†......#
############....@w....#
#### #............ .....
#...♣.♣.♣.### .....
#.........+ .....
#...♣.♣.♣.# .....
#.........# .....
#..$..♣ ♣.# .....
#####.. ## .....


You could see a worm (very poisoned).

Vanquished Creatures
  A gnoll (D:1)
  A worm (D:2)
  A dart slug (D:1)
  4 bats
  6 endoplasms
  3 giant cockroaches
  4 hobgoblins
  A jackal (D:2)
  3 quokkas (D:2)
  2 ball pythons (D:1)
  4 frilled lizards
  6 goblins
  3 kobolds
  4 rats
43 creatures vanquished.

Notes
Turn   | Place    | Note
-------+----------+-------------------------------------------
     0 | D:1      | FexLirch the Felid Venom Mage began the quest for the Orb.
     0 | D:1      | Reached XP level 1. HP: 7/7 MP: 4/4
   227 | D:1      | Reached skill level 3 in Poison Magic
   266 | D:1      | Reached XP level 2. HP: 11/11 MP: 0/6
   855 | D:1      | Reached XP level 3. HP: 14/14 MP: 4/7
  1310 | D:2      | Learned a level 2 spell: Poisonous Vapours
  1314 | D:2      | Learned a level 3 spell: Mephitic Cloud
  1905 | D:2      | Slain by a worm

Illustrated notes

Levels and vault maps discovered:
D:1:      dpeg_arrival_pits, layout_basic
D:2:      layout_basic, serial_forest, infiniplex_forest_lined_1,
          infiniplex_forest_lined_corner, infiniplex_forest_lined_4_way,
          infiniplex_forest_corner_2, infiniplex_forest_clump_cross,
          nrook_campfire, grunt_ministairs_9, dreamdust_mushroom_princess
D:3:      layout_basic, minmay_overflow_temple_star_quad,
          kennysheep_generic_room_3

Skill      XL: |  1  2 |
---------------+-------+-----
Poison Magic   | 3 |  3.9
Transmutations | 2 |  2.4
Dodging        | |  2.6
Stealth        | |  2.6
Spellcasting   | |  2.0

Action                   || total
-------------------------++-------
Melee: Unarmed           ||    38
       Bite              ||     5
 Cast: Sting             ||    55
       Poisonous Vapours ||    11
 Stab: Sleeping          ||     1
Dodge: Dodged            ||    24
